 Dungeon Crawl Stone Soup version 0.23-a0-814-g91b4073 (console) character file.

85 bli the Skirmisher (level 4, -2/37 HPs)
             Began as a Formicid Abyssal Knight on Jan 21, 2019.
             Was a Believer of Lugonu.
             Slain by an orc priest
             ... wielding a +0 short sword
              (6 damage)
             ... on level 3 of the Dungeon.
             The game lasted 00:06:36 (2109 turns).

bli the Skirmisher (Formicid Abyssal Knight)        Turns: 2109, Time: 00:06:37

Health: -2/37      AC:  4    Str: 17    XL:     4   Next: 75%
Magic:  5/5        EV: 11    Int: 11    God:    Lugonu [**....]
Gold:   112        SH:  0    Dex: 11    Spells: 3/3 levels left

rFire    . . .     SeeInvis +   a - +1 hand axe
rCold    . . .     Gourm    .   (no shield)
rNeg     . . .     Faith    .   b - +0 leather armour
rPois    .         Spirit   .   (helmet unavailable)
rElec    .         Reflect  .   (no cloak)
rCorr    .         Harm     .   t - +0 pair of gloves
MR       .....                  (no boots)
Stlth    +.........             (no amulet)
HPRegen  0.12/turn              (no ring)
MPRegen  0.09/turn              (no ring)

@: no status effects
A: permanent stasis, dig shafts and tunnels, four strong arms, antennae 3
a: Dig, Shaft Self, Depart the Abyss, Bend Space, Renounce Religion


You were on level 3 of the Dungeon.
You worshipped Lugonu.
Lugonu was pleased with you.
You were not hungry.

You visited 1 branch of the dungeon, and saw 3 of its levels.
You visited the Abyss 1 time.

You collected 112 gold pieces.

Inventory:

Hand Weapons
 a - a +1 hand axe (weapon)
 j - a +0 hunting sling
 k - a +0 vampiric dagger
 y - a +0 war axe
Missiles
 h - 32 stones (quivered)
 q - 46 sling bullets
Armour
 b - a +0 leather armour (worn)
 t - a +0 pair of gloves (worn)
 u - a +0 ring mail
Jewellery
 o - an uncursed ring of poison resistance {unknown}
Scrolls
 e - 7 scrolls of identify {unknown}
 f - a scroll of immolation {unknown}
 l - 2 scrolls of remove curse {unknown}
 m - a scroll of amnesia {unknown}
 p - a scroll of fog {unknown}
 r - a scroll of enchant weapon {unknown}
 v - a scroll of noise {unknown}
 x - a scroll of enchant armour {unknown}
Potions
 d - a potion of invisibility {unknown}
 g - a potion of mutation {unknown}
 i - 2 potions of curing {unknown}
 s - 2 potions of heal wounds {unknown}
 w - a potion of ambrosia {unknown}
 z - a potion of brilliance {unknown}
Comestibles
 c - 4 rations


   Skills:
 - Level 4.0 Fighting
 * Level 3.4 Axes
 - Level 3.0 Armour
 - Level 1.0 Dodging
 + Level 2.4 Invocations


You had 3 spell levels left.
You didn't know any spells.
Your spell library was empty.

Dungeon Overview and Level Annotations

Branches:
Dungeon (3/15)

Altars:
Wu Jian


Innate Abilities, Weirdness & Mutations

You cannot be hasted, slowed, berserked, paralysed or teleported.
You can dig through walls and to a lower floor.
Your four strong arms can wield two-handed weapons with a shield.
You have a pair of large antennae on your head. (SInv)


Message History

The orc priest hits you with a +0 short sword.
You barely miss the orc priest.
The orc priest is severely wounded.
You closely miss the orc priest.
The orc priest calls down the wrath of Beogh upon you.
Beogh smites you!
* * * LOW HITPOINT WARNING * * *
You hit the orc priest.
The orc priest is heavily wounded.
You hit the orc priest. You hit the orc. The orc misses you.
The orc priest calls upon Beogh to heal the orc.
The orc's wounds heal themselves!
The orc priest hits you with a +0 short sword.
* * * LOW HITPOINT WARNING * * *
You hit the orc priest.
The orc priest is heavily wounded.
You barely miss the orc priest.
You hit the orc. x2; The orc barely misses you.
The orc hits you but does no damage. The orc priest barely misses you.
The orc priest hits you with a +0 short sword.
You die...

#....<.......
###.###.#####..
.....##o##
.......(.# ..# .#
###..#..(####..##..
#...............
#.##........... #
####.#....#
#......####
#.#####......?...
#......?o@o.(#
......(..oo..#
######.#..###
#.#..# .### #.#..#
..... #.#..#
.##...##.#..#
...{<..[)...#
###..{##.##.#
##.###).#<#
#........#


You could see 2 orc priests and 2 orcs.

Vanquished Creatures
  An adder (D:2)
  3 oozes
  A worm (D:2)
  2 dart slugs
  5 orcs
  6 bats
  2 giant cockroaches
  7 goblins
  7 hobgoblins
  2 ball pythons
  6 frilled lizards
  7 kobolds
  3 rats
52 creatures vanquished.

Notes
Turn   | Place    | Note
-------+----------+-------------------------------------------
     0 | Abyss:1  | bli the Formicid Abyssal Knight began the quest for the
                  | Orb.
     0 | Abyss:1  | Reached XP level 1. HP: 18/18 MP: 2/2
    63 | Abyss:2  | Noticed a large abomination
    72 | Abyss:2  | Noticed a small abomination
    91 | Abyss:2  | Noticed a tentacled starspawn
   127 | Abyss:3  | Noticed a ynoxinul
   131 | Abyss:3  | Noticed a large abomination
   133 | D:1      | Escaped the Abyss
   176 | D:1      | Reached skill level 1 in Dodging
   276 | D:1      | Reached XP level 2. HP: 15/24 MP: 3/3
   549 | D:1      | Reached * piety under Lugonu
   634 | D:1      | Reached XP level 3. HP: 18/30 MP: 4/4
   643 | D:1      | Reached skill level 4 in Fighting
  1213 | D:2      | Reached XP level 4. HP: 30/37 MP: 5/5
  1541 | D:2      | Found an ornate altar of the Wu Jian Council.
  1788 | D:2      | Reached ** piety under Lugonu
  2109 | D:3      | Slain by an orc priest

Vault maps used:
D:1:      shiori_shiawase
D:2:      lemuel_doored_altar, first_ration
D:3:      grunt_qazlal_clouds, chequers_ecumenical_altar_lobes, uniq_ijyb,
          uniq_grinder
Abyss:2:  hangedman_abyss_or_decor_slice, evilmike_abyss_exit_chaos
Abyss:3:  hangedman_abyss_or_decor_stabs, nicolae_abyss_rune_star_stuff

Skill      XL: |  1  2  3  4 |
---------------+-------------+-----
Dodging        | 1 |  1.0
Fighting       | 4 |  4.0
Armour         | 3 |  3.0
Axes           | 3 |  3.4
Invocations    | |  2.4

Action                   |  1- 3 |  4- 6 || total
-------------------------+-------+-------++-------
Melee: Hand axe          |   112 |    51 ||   163
Invok: Depart the Abyss  |     1 |       ||     1
 Stab: Sleeping          |     1 |       ||     1
  Eat: Chunk             |     1 |     3 ||     4
Armor: Leather armour    |    32 |    12 ||    44
Dodge: Dodged            |    64 |    35 ||    99

Table legend:
 A = Non-vault XP
 B = Vault XP
 C = Vault XP percentage of total XP
 D = Non-vault monster count
 E = Vault monster count
 F = Vault count percentage of total count
                 A         B        C        D         E       F
            +---------+---------+-------+---------+---------+-------
      Total |     122 |       0 |   0.0 |      52 |       0 |   0.0
            +---------+---------+-------+---------+---------+-------
        D:1 |      36 |       0 |   0.0 |      19 |       0 |   0.0
        D:2 |      72 |       0 |   0.0 |      28 |       0 |   0.0
        D:3 |      14 |       0 |   0.0 |       5 |       0 |   0.0
            +---------+---------+-------+---------+---------+-------
